 Dungeon Crawl Stone Soup version 0.28.0-53-g5a82cb258f (webtiles) character file.

Game seed: 12261072526795352376

3767 hawla the Frost Mage (level 9, -6/102 HPs)
             Began as a Yellow Draconian Ice Elementalist on July 4, 2022.
             Mangled by an orc knight
             ... wielding a +0 glaive
              (13 damage)
             ... in a bailey.
             The game lasted 00:30:09 (10062 turns).

hawla the Frost Mage (DrIE)                        Turns: 10062, Time: 00:30:10

Health: -6/102     AC: 24    Str: 14    XL:     9   Next: 94%
Magic:  13/17      EV:  2    Int: 20    God:
Gold:   363        SH:  9    Dex: 11    Spells: 10/18 levels left

rFire   . . .      SeeInvis .   y - +7 Singing Sword {vorpal, sonic wave}
rCold   . . .      Faith    .   r - +0 buckler
rNeg    + + .      Spirit   .   (armour unavailable)
rPois   +          Reflect  +   (helmet currently unavailable)
rElec   .          Harm     .   (cloak currently unavailable)
rCorr   +          Rampage  .   (gloves currently unavailable)
Will    .....      NoTele   +   (boots currently unavailable)
Stlth   ++........              h - amulet "Jacoemom" {Reflect rN+ rCorr Str+3 SH+5}
HPRegen 0.27/turn               m - ring of positive energy
MPRegen 0.15/turn               (no ring)

@: tree-form, invisible
A: stationary, stasis, torment immunity, boosted hp, (spit acid), AC +7,
unfitting armour, (cold-blooded), (acid resistance), (poison resistance),
(shaggy fur 1), MP-powered wands
a: no special abilities


You were in a bailey.
You were a tree.
You visited 1 branch of the dungeon, and saw 7 of its levels.
You also visited: Bailey.

You collected 374 gold pieces.
You spent 11 gold pieces at shops.

Inventory:

Hand Weapons
 y - the +7 Singing Sword (weapon) {vorpal, sonic wave}
   (You found it on level 6 of the Dungeon)

   It inflicts extra damage upon your enemies.
   It radiates damaging sonic waves as it strikes, especially in combat
   involving dangerous or numerous foes.
Missiles
 o - 6 poisoned darts
 s - 2 boomerangs
 w - a throwing net (quivered)
Armour
 g - a +1 pair of boots (melded)
 r - a +0 buckler (worn)
Jewellery
 h - the amulet "Jacoemom" (around neck) {Reflect rN+ rCorr Str+3 SH+5}
   (You found it on level 2 of the Dungeon)

   [amulet of reflection]

   It reflects blocked missile attacks.
   Str:       It affects your strength (+3).
   rN:        It protects you from negative energy.
   rCorr:     It protects you from acid and corrosion.
   SH:        It affects your SH (+5).
 m - a ring of positive energy (left branch)
Wands
 f - a wand of flame (21)
 v - a wand of digging (5)
 x - a wand of polymorph (2)
Scrolls
 c - 2 scrolls of enchant armour
 e - 2 scrolls of identify
 i - a scroll of fear {unknown}
 j - a scroll of vulnerability {unknown}
 n - 3 scrolls of immolation {unknown}
 t - a scroll of magic mapping {unknown}
Potions
 a - 2 potions of magic
 b - 4 potions of haste
 k - 2 potions of attraction
 l - a potion of might
 p - a potion of curing
 u - 2 potions of cancellation


   Skills:
 + Level 2.6 Fighting
 + Level 2.7 Long Blades
 + Level 0.5 Throwing
 + Level 3.7 Dodging
 + Level 3.0 Stealth
 + Level 2.5 Shields
 + Level 5.4 Spellcasting
 + Level 4.2 Conjurations
 + Level 11.1 Ice Magic


You had 10 spell levels left.
You knew the following spells:

 Your Spells              Type           Power      Damage    Failure   Level
a - Freeze                Ice            100%       1d11      1%          1
b - Frozen Ramparts       Ice            100%       1d12      1%          3
c - Hailstorm             Conj/Ice       36%        3d9       6%          4

Your spell library contained the following spells:

 Spells                   Type           Power      Damage    Failure   Level
 Ozocubu's Armour         Ice            50%        N/A       1%          3
 Summon Small Mammal      Summ           20%        N/A       14%         1
 Corpse Rot               Necr/Air       10%        N/A       22%         2
 Call Canine Familiar     Summ           5%         N/A       41%         3
 Summon Guardian Golem    Hex/Summ       5%         N/A       41%         3
 Dispel Undead            Necr           5%         3d7       82%         4
 Death Channel            Necr           2%         N/A       100%        6


Dungeon Overview and Level Annotations

Branches:
Dungeon (7/15)             Temple (0/1) D:5          Bailey (1/1)

Altars:
Elyvilon
Hepliaklqana
Kikubaaqudgha
Qazlal
Sif Muna
Xom
Zin

Shops:
D:1 !

Annotations:
D:1 1 runed translucent door


Innate Abilities, Weirdness & Mutations

You are a tree.
Your roots penetrate the ground, keeping you stationary.
You cannot be teleported.
You are immune to unholy pain and torment.
Your maximum health is greatly increased.
Your equipment is partially melded.
((You can spit globs of acid.))
((Your golden yellow scales are hard. (AC +7)))
You cannot fit into any form of body armour.
((You are cold-blooded and may be slowed by cold attacks.))
((You are resistant to acid. (rCorr)))
((Your system is resistant to poisons. (rPois)))
((You are covered in fur. (AC +1)))
You expend magic power (3 MP) to strengthen your wands.


Message History

It was a potion of heal wounds.
You feel much better.
The orc knight hits you but does no damage.
You fade into invisibility!
The orc knight hits you from afar with a +0 glaive.
Unknown command.
Throw: 2 throwing nets
Press: ? - help, Shift-Dir - straight line, f - orc knight
Aim: an orc knight, wielding a +0 glaive and wearing a +0 scale mail (47% to hit)
You throw a throwing net. The throwing net hits the orc knight.
The orc knight is caught in the net!
The orc knight struggles against the net.
The orc knight struggles against the net.
The orc knight struggles against the net.
The orc knight struggles against the net.
The net rips apart, and the orc knight comes free!
You block the orc knight's attack.
The orc knight hits you from afar with a +0 glaive!
The orc knight hits you from afar with a +0 glaive!!
* * * LOW HITPOINT WARNING * * *
You feel much better.
The orc knight hits you from afar with a +0 glaive!!
* * * LOW HITPOINT WARNING * * *
It was a potion of magic.
Magic courses through your body.
The orc knight hits you from afar with a +0 glaive!!
* * * LOW HITPOINT WARNING * * *
Casting: Hailstorm (dangerous; 6% risk of failure)
Confirm with . or Enter, or press ? or * to list all spells.
Okay, then.
You feel better.
The orc knight hits you from afar with a +0 glaive.
* * * LOW HITPOINT WARNING * * *
Casting: Hailstorm (dangerous; 6% risk of failure)
Confirm with . or Enter, or press ? or * to list all spells.
Casting: Hailstorm (dangerous; 6% risk of failure)
Press: ? - help, Dir - look around, f - activate A cannonade of hail descends around you!
The hail pelts the orc knight.
The orc knight is lightly wounded.
The orc knight hits you from afar with a +0 glaive!
You die...

#.....#
#.....#
#.!...#
#.....#
#.....#
##'''##
##.o...##
#.......#
#..♣....#
#.[#.#..#
#..#8#..#
#)......#
##.....##
###'###
#...#
#...#
#...#


You could see an orc knight.

Vanquished Creatures
  An orc knight (Bailey)
  Sigmund (D:5)
  A steam dragon (D:5)
  A water moccasin (D:6)
  9 orc warriors (Bailey)
  A hornet zombie (D:6)
  2 necrophages (D:6)
  4 ogres
  2 black bears (D:5)
  A kobold brigand (D:6)
  A gnoll sergeant (D:5)
  4 scorpions
  2 water moccasin zombies
  2 bullfrog zombies (D:6)
  3 centaur zombies
  A human zombie (D:6)
  A hound (D:6)
  2 jellies
  A gnoll shaman (D:6)
  An orc priest (D:6)
  A bullfrog skeleton (D:5)
  An iguana (D:5)
  Natasha (D:3)
  A killer bee zombie (D:7)
  2 mummies (D:6)
  A hound zombie (D:5)
  A howler monkey zombie (D:6)
  13 gnolls
  7 adders
  A shadow imp (D:7)
  A white imp (D:6)
  2 worms
  A dart slug (D:1)
  20 orcs
  6 ball pythons
  3 endoplasms
  4 giant cockroaches
  7 goblins
  10 hobgoblins
  5 jackals
  8 kobolds
  4 quokkas
  12 bats
  3 frilled lizards
  4 rats
160 creatures vanquished.

Vanquished Creatures (others)
  A fungus (D:6)
  16 plants
17 creatures vanquished.

Grand Total: 177 creatures vanquished

Notes
Turn   | Place    | Note
-------+----------+-------------------------------------------
     0 | D:1      | hawla the Draconian Ice Elementalist began the quest for
                  | the Orb.
     0 | D:1      | Reached XP level 1. HP: 14/14 MP: 3/3
     1 | D:1      | Found a runed translucent door.
    26 | D:1      | Found a faded altar of an unknown god.
   328 | D:1      | Reached XP level 2. HP: 15/20 MP: 0/5
   491 | D:1      | Found Varoru's Distillery.
   567 | D:1      | Bought a potion of degeneration for 11 gold pieces
  1136 | D:2      | Reached XP level 3. HP: 26/26 MP: 3/6
  1323 | D:1      | Learned a level 3 spell: Frozen Ramparts
  1356 | D:2      | Identified the amulet "Jacoemom" {Reflect rN+ rCorr Str+3
                  | SH+5}
  1901 | D:3      | Noticed an ogre
  1908 | D:3      | Killed an ogre
  1909 | D:3      | Reached skill level 5 in Ice Magic
  1909 | D:3      | Reached XP level 4. HP: 33/33 MP: 0/8
  2011 | D:3      | Gained mutation: Your system is resistant to poisons.
                  | (rPois) [potion of mutation]
  2011 | D:3      | Gained mutation: You are covered in fur. (AC +1) [potion of
                  | mutation]
  2011 | D:3      | Gained mutation: You expend magic power (3 MP) to
                  | strengthen your wands. [potion of mutation]
  2035 | D:3      | Reached XP level 5. HP: 38/38 MP: 7/9
  3443 | D:3      | Noticed Natasha
  3448 | D:3      | Killed Natasha
  3712 | D:4      | Noticed a phantom
  3952 | D:4      | Noticed an ogre
  3959 | D:4      | Killed an ogre
  3960 | D:4      | Reached XP level 6. HP: 46/46 MP: 6/12
  4045 | D:4      | Reached skill level 6 in Ice Magic
  4607 | D:4      | Found a shimmering altar of Xom.
  4733 | D:4      | Found a stormy altar of Qazlal.
  4822 | D:4      | Reached skill level 1 in Fighting
  4827 | D:4      | Learned a level 4 spell: Hailstorm
  5569 | D:5      | Entered Level 5 of the Dungeon
  5569 | D:5      | Noticed Sigmund
  5609 | D:5      | Killed Sigmund
  5610 | D:5      | Reached skill level 1 in Conjurations
  5610 | D:5      | Your scales start taking on a golden yellow colour.
  5610 | D:5      | Reached XP level 7. HP: 33/52 MP: 8/13
  5610 | D:5      | Gained mutation: You are resistant to acid. (rCorr) [Yellow
                  | Draconian growth]
  5778 | D:5      | Noticed a steam dragon
  5784 | D:5      | Killed a steam dragon
  5785 | D:5      | Reached skill level 7 in Ice Magic
  5980 | D:5      | Found a shimmering blue altar of Sif Muna.
  5990 | D:5      | Found a staircase to the Ecumenical Temple.
  6179 | D:5      | Found a white marble altar of Elyvilon.
  6272 | D:5      | Found a glowing silver altar of Zin.
  6391 | D:5      | Reached skill level 8 in Ice Magic
  6391 | D:5      | Reached XP level 8. HP: 57/59 MP: 5/14
  7012 | D:6      | Found a hazy altar of Hepliaklqana.
  7292 | D:6      | Reached skill level 9 in Ice Magic
  7705 | D:6      | Reached skill level 10 in Ice Magic
  8325 | D:6      | Reached skill level 1 in Shields
  8325 | D:6      | Reached XP level 9. HP: 54/64 MP: 15/15
  8421 | D:6      | Found an ancient bone altar of Kikubaaqudgha.
  9369 | D:6      | Found the +7 Singing Sword {vorpal, sonic wave}
  9713 | D:7      | Found a flagged portal.
  9743 | Bailey   | Entered a bailey
  9883 | Bailey   | Reached skill level 1 in Long Blades
 10009 | Bailey   | Noticed an orc knight
 10020 | Bailey   | Killed an orc knight
 10021 | Bailey   | Reached skill level 5 in Spellcasting
 10021 | Bailey   | Reached skill level 11 in Ice Magic
 10032 | Bailey   | Noticed an orc knight
 10060 | Bailey   | HP: 3/102 [orc knight/+0 glaive (18)]
 10062 | Bailey   | Mangled by an orc knight

Illustrated notes

Levels and vault maps discovered:
D:1:      dpeg_arrival_caged_fury, layout_basic, serial_shops,
          nicolae_shop_statue_plus, hellmonk_ecumenical_altar_zigzags,
          minmay_hedge_maze
D:2:      layout_rooms
D:3:      layout_loops_corners, minmay_liquid_box, minmay_crystal_room,
          serial_bayou_ford_a, uniq_natasha
D:4:      layout_basic, grunt_qazlal_sundering, lemuel_coloured_pillars_altar
D:5:      layout_loops_corners, nicolae_elyvilon_peaceful_grove,
          mainiacjoe_overflow_alcove_2, led_sif_pool,
          minmay_temple_entry_crystal_x, amethyst_killhole, uniq_sigmund
D:6:      old_forge, layout_basic, mainiacjoe_overflow_chevrons,
          lemuel_mausoleum_altar_kikubaaqudgha, lexackson_kobold_supper
D:7:      layout_basic, enter_bailey_5, hellmonk_ghost_happy_afterlife,
          serial_bayou_pond_e, minmay_mini_ossuary
Bailey:   bailey_polearm_5, bailey

Skill      XL: |  1  2  3  4  5  6  7  8  9 |
---------------+----------------------------+-----
Dodging        | 2 3 |  3.7
Stealth        | 2 3 |  3.0
Spellcasting   | 3 4 5 |  5.4
Ice Magic      | 5 6 8 10 11 | 11.1
Fighting       | 1 2 |  2.6
Conjurations   | 1 2 3 4 |  4.2
Shields        | 1 2 |  2.5
Long Blades    | 2 |  2.7
Throwing       | |  0.5

Action                   |  1- 3 |  4- 6 |  7- 9 || total
-------------------------+-------+-------+-------++-------
Melee: Unarmed           |    30 |   156 |       ||   186
       Tailslap          |     4 |    29 |    79 ||   112
       Dagger            |       |       |   374 ||   374
       Punch             |       |       |     4 ||     4
       Double sword      |       |       |    12 ||    12
Throw: Dart              |       |    10 |     7 ||    17
       Throwing net      |       |       |     1 ||     1
 Cast: Freeze            |    54 |    34 |    15 ||   103
       Frozen Ramparts   |     1 |    25 |    24 ||    50
       Hailstorm         |       |       |    18 ||    18
 Abil: Breathe Acid      |       |       |     2 ||     2
Evoke: Wand              |       |     5 |       ||     5
  Use: Scroll            |       |     8 |     3 ||    11
       Potion            |       |     5 |     6 ||    11
 Stab: Sleeping          |       |       |     2 ||     2
Armor: Skin              |    28 |    77 |   174 ||   279
Dodge: Dodged            |    74 |   120 |   225 ||   419
Block: Other             |     4 |    38 |    99 ||   141
       Buckler           |       |       |    38 ||    38
       Reflection        |       |       |     2 ||     2
